GCL
NEW YORK N (GCL) METS @ WASHINGTON (GCL) NATIONALS
08/22/2099
 
TOP OF THE 1ST
New York N (GCL) Mets batting - Pitching for Washington (GCL) Nationals : RHP Hiroshi Takahashi
Pitching: RHP Hiroshi Takahashi
Batting: RHB Randy Dawe 0-0: Foul Ball, location: 9LDF
0-1: Ball
1-1: Foul Ball, location: 2F
1-2: Fly out, F8 (Flyball, 8RM, EV 91.3 MPH)
Batting: RHB Sam Miller 0-0: Swinging Strike
0-1: Ball
1-1: Called Strike
1-2: Strikes out swinging
Batting: LHB Eddie Diaz 0-0: Ball
1-0: Ball
2-0: Fly out, F4 (Popup, 4, EV 70.6 MPH)
Top of the 1st over - 0 runs, 0 hits, 0 errors, 0 left on base; New York N (GCL) 0 - Washington (GCL) 0
BOTTOM OF THE 1ST
Washington (GCL) Nationals batting - Pitching for New York N (GCL) Mets : LHP Marcos Cid
Pitching: LHP Marcos Cid
Batting: RHB Alex Santiago 0-0: Foul Ball, location: 2F
0-1: Swinging Strike
0-2: Ground out 6-3 (Groundball, 6M, EV 87.5 MPH)
Batting: RHB Ryan Hunter 0-0: Called Strike
0-1: Foul Ball, location: 9LDF
0-2: Strikes out looking
Batting: RHB Tony Torres 0-0: Ball
1-0: Called Strike
1-1: Foul Ball, location: 3F
1-2: Ball
2-2: Ball
3-2: Base on Balls
Batting: RHB Logan Dougherty 0-0: Called Strike
0-1: Ground out 5-3 (Groundball, 56S, EV 90.6 MPH)
Bottom of the 1st over - 0 runs, 0 hits, 0 errors, 1 left on base; New York N (GCL) 0 - Washington (GCL) 0
TOP OF THE 2ND
New York N (GCL) Mets batting - Pitching for Washington (GCL) Nationals : RHP Hiroshi Takahashi
Batting: LHB Hector Carranco 0-0: Called Strike
0-1: Ground out 4-3 (Groundball, 4, EV 85.6 MPH)
Batting: RHB Tony Romero 0-0: Called Strike
0-1: Ball
1-1: Ball
2-1: Ball
3-1: Ground out 5-3 (Groundball, 56S, EV 78.8 MPH)
Batting: LHB Jared Coffin 0-0: Called Strike
0-1: Called Strike
0-2: Strikes out looking
Top of the 2nd over - 0 runs, 0 hits, 0 errors, 0 left on base; New York N (GCL) 0 - Washington (GCL) 0
BOTTOM OF THE 2ND
Washington (GCL) Nationals batting - Pitching for New York N (GCL) Mets : LHP Marcos Cid
Batting: RHB Dave Ekema 0-0: Called Strike
0-1: Swinging Strike
0-2: Ball
1-2: Strikes out swinging
Batting: LHB Jonathan Ramos 0-0: Ball
1-0: Swinging Strike
1-1: Called Strike
1-2: Ball
2-2: Ball
3-2: Fly out, F9 (Flyball, 9S, EV 81.9 MPH)
Batting: RHB Miles Hostetler 0-0: Ball
1-0: Ground out 6-3 (Groundball, 56, EV 104.4 MPH)
Bottom of the 2nd over - 0 runs, 0 hits, 0 errors, 0 left on base; New York N (GCL) 0 - Washington (GCL) 0
TOP OF THE 3RD
New York N (GCL) Mets batting - Pitching for Washington (GCL) Nationals : RHP Hiroshi Takahashi
Batting: RHB David Reyes 0-0: Ball
1-0: Ball
2-0: Foul Ball, location: 5FF
2-1: Called Strike
2-2: Foul Ball, location: 2F
2-2: Ball
3-2: Foul Ball, location: 2F
3-2: Fly out, F7 (Flyball, 7LD, EV 104.4 MPH)
Batting: RHB Mike Rubio 0-0: Fly out, F7 (Flyball, 7D, EV 94.4 MPH)
Batting: LHB Jon Orozco 0-0: Fly out, F7 (Line Drive, 7S, EV 103.1 MPH)
Top of the 3rd over - 0 runs, 0 hits, 0 errors, 0 left on base; New York N (GCL) 0 - Washington (GCL) 0
BOTTOM OF THE 3RD
Washington (GCL) Nationals batting - Pitching for New York N (GCL) Mets : LHP Marcos Cid
Pitching: RHP Kyle Philbeck
Batting: RHB Hector Montes 0-0: Ball
1-0: Called Strike
1-1: Ball
2-1: Called Strike
2-2: Ball
3-2: Foul Ball, location: 2F
3-2: Ground out 6-3 (Groundball, 6, EV 83.8 MPH)
Batting: LHB Vinny Munoz 0-0: Ball
1-0: Ball
2-0: Ball
3-0: Called Strike
3-1: SINGLE (Groundball, 4S, EV 78.8 MPH)
Batting: RHB Alex Santiago 0-0: Called Strike
0-1: Ball
1-1: Ball
2-1: DOUBLE (Flyball, 89D, EV 106.3 MPH)
Vinny Munoz to third
Runner from 3rd tries for Home, SAFE, throw by RF to trailing runner, SAFE at third!
Batting: RHB Ryan Hunter 0-0: Ball
1-0: Ground out 4-3 (Groundball, 34D, EV 95.6 MPH)
Alex Santiago scores
Batting: RHB Tony Torres 0-0: Ball
1-0: Ball
2-0: Called Strike
2-1: Called Strike
2-2: Ball
3-2: Ground out 6-3 (Groundball, 6, EV 105.6 MPH)
Bottom of the 3rd over - 2 runs, 2 hits, 0 errors, 0 left on base; New York N (GCL) 0 - Washington (GCL) 2
TOP OF THE 4TH
New York N (GCL) Mets batting - Pitching for Washington (GCL) Nationals : RHP Hiroshi Takahashi
Batting: RHB Randy Dawe 0-0: Fly out, F9 (Flyball, 9, EV 97.5 MPH)
Batting: RHB Sam Miller 0-0: Called Strike
0-1: Ball
1-1: Foul Ball, location: 3SF
1-2: Foul Ball, location: 2F
1-2: Strikes out swinging
Batting: LHB Eddie Diaz 0-0: Ball
1-0: SINGLE (Groundball, 4S, EV 67.5 MPH) (infield hit)
Batting: LHB Hector Carranco 0-0: Called Strike
0-1: Ball
1-1: Foul Ball, location: 2F
1-2: Foul Ball, location: 2F
1-2: Ball
2-2: Foul Ball, location: 2F
2-2: Ball
3-2: Foul Ball, location: 9LSF
3-2: Foul Ball, location: 5F
3-2: Foul Ball, location: 2F
3-2: Foul Ball, location: 23F
3-2: Foul Ball, location: 9LMFF
3-2: DOUBLE (Flyball, 8LXD, EV 108.8 MPH)
Eddie Diaz to third
Eddie Diaz scores
Batting: RHB Tony Romero 0-0: Ball
1-0: Swinging Strike
1-1: Called Strike
1-2: SINGLE (Line Drive, 9LS, EV 106.9 MPH)
Hector Carranco to third
Runner from 3rd tries for Home, SAFE, throw by RF to home
Tony Romero to second
Batting: LHB Jared Coffin 0-0: Ball
1-0: Swinging Strike
1-1: Swinging Strike
1-2: Strikes out swinging
Top of the 4th over - 2 runs, 3 hits, 0 errors, 1 left on base; New York N (GCL) 2 - Washington (GCL) 2
BOTTOM OF THE 4TH
Washington (GCL) Nationals batting - Pitching for New York N (GCL) Mets : RHP Kyle Philbeck
Batting: RHB Logan Dougherty 0-0: Ball
1-0: Ball
2-0: Fly out, F8 (Flyball, 89D, EV 105.6 MPH)
Batting: RHB Dave Ekema 0-0: Ball
1-0: Ball
2-0: Fly out, F9 (Flyball, 9, EV 93.8 MPH)
Batting: LHB Jonathan Ramos 0-0: Called Strike
0-1: Ball
1-1: Fly out, F9 (Flyball, 9S, EV 82.5 MPH)
Bottom of the 4th over - 0 runs, 0 hits, 0 errors, 0 left on base; New York N (GCL) 2 - Washington (GCL) 2
TOP OF THE 5TH
New York N (GCL) Mets batting - Pitching for Washington (GCL) Nationals : RHP Hiroshi Takahashi
Batting: RHB David Reyes 0-0: Called Strike
0-1: Ball
1-1: Fly out, F8 (Flyball, 89M, EV 92.5 MPH)
Batting: RHB Mike Rubio 0-0: Called Strike
0-1: Ball
1-1: Called Strike
1-2: Ball
2-2: Ball
3-2: Strikes out swinging
Batting: LHB Jon Orozco 0-0: Ball
1-0: Fly out, F9 (Flyball, 9D, EV 107.5 MPH)
Top of the 5th over - 0 runs, 0 hits, 0 errors, 0 left on base; New York N (GCL) 2 - Washington (GCL) 2
BOTTOM OF THE 5TH
Washington (GCL) Nationals batting - Pitching for New York N (GCL) Mets : RHP Kyle Philbeck
Batting: RHB Miles Hostetler 0-0: Called Strike
0-1: Foul Ball, location: 9LSF
0-2: Ball
1-2: Foul Ball, location: 2F
1-2: Ball
2-2: Foul Ball, location: 2F
2-2: Fly out, F7 (Flyball, 78D, EV 108.1 MPH)
Batting: RHB Hector Montes 0-0: Swinging Strike
0-1: Ball
1-1: Called Strike
1-2: SINGLE (Groundball, 4MD, EV 101.9 MPH)
Batting: LHB Vinny Munoz 0-0: Ball
1-0: Grounds into double play, 4-6-3 (Groundball, 4, EV 96.3 MPH)
Bottom of the 5th over - 0 runs, 1 hit, 0 errors, 0 left on base; New York N (GCL) 2 - Washington (GCL) 2
TOP OF THE 6TH
New York N (GCL) Mets batting - Pitching for Washington (GCL) Nationals : RHP Hiroshi Takahashi
Batting: RHB Randy Dawe 0-0: Fly out, F8 (Flyball, 8RD, EV 107.5 MPH)
Pitching: RHP Jorge Gallardo
Batting: RHB Sam Miller 0-0: Ball
1-0: Ball
2-0: Called Strike
2-1: Foul Ball, location: 7LDF
2-2: Ball
3-2: Foul Ball, location: 9LDF
3-2: Foul Ball, location: 7LMF
3-2: Base on Balls
Batting: LHB Eddie Diaz 0-0: Called Strike
0-1: 2-RUN HOME RUN (Flyball, 89XD, EV 96.3 MPH), Distance : 391 ft
Batting: LHB Hector Carranco 0-0: Called Strike
0-1: Hit by Pitch
Batting: RHB Tony Romero 0-0: Ball
1-0: SINGLE (Groundball, 34D, EV 101.3 MPH)
Hector Carranco to second
Runner from 2nd tries for 3rd, SAFE, no throw by RF
Batting: LHB Jared Coffin 0-0: Called Strike
0-1: Called Strike
0-2: Strikes out swinging
Batting: RHB David Reyes 0-0: Fielders Choice at 2nd, 5-4 (Groundball, 56, EV 104.4 MPH)
Top of the 6th over - 2 runs, 2 hits, 0 errors, 2 left on base; New York N (GCL) 4 - Washington (GCL) 2
BOTTOM OF THE 6TH
Washington (GCL) Nationals batting - Pitching for New York N (GCL) Mets : RHP Kyle Philbeck
Batting: RHB Alex Santiago 0-0: Ball
1-0: Foul Ball, location: 2F
1-1: Foul Ball, location: 5SF
1-2: Ball
2-2: Ball
3-2: Ground out 5-3 (Groundball, 56S, EV 87.5 MPH)
Batting: RHB Ryan Hunter 0-0: Ball
1-0: Ball
2-0: Ball
3-0: Base on Balls
Batting: RHB Tony Torres 0-0: Ball
1-0: Swinging Strike
1-1: Ball
2-1: Ball
Wild Pitch!
Ryan Hunter to second
3-1: Base on Balls
Batting: LHB Francisco Galdamez 0-0: Called Strike
Ryan Hunter is caught stealing 3rd base 2-5
Tony Torres to second
0-1: Ball
1-1: Swinging Strike
1-2: Foul Ball, location: 25F
1-2: Ball
2-2: Foul Ball, location: 2F
2-2: Strikes out looking
Bottom of the 6th over - 0 runs, 0 hits, 0 errors, 1 left on base; New York N (GCL) 4 - Washington (GCL) 2
TOP OF THE 7TH
New York N (GCL) Mets batting - Pitching for Washington (GCL) Nationals : RHP Jorge Gallardo
Batting: RHB Mike Rubio 0-0: Ball
1-0: Ball
2-0: Ball
3-0: Base on Balls
Batting: LHB Jon Orozco 0-0: SINGLE (Line Drive, 78S, EV 95.0 MPH)
Mike Rubio to second
Batting: RHB Randy Dawe 0-0: SINGLE (Line Drive, 34D, EV 59.4 MPH)
Mike Rubio to third
Jon Orozco to second
Batting: RHB Sam Miller 0-0: Ball
1-0: Ball
2-0: Foul Ball, location: 2F
2-1: Foul Ball, location: 2F
2-2: Foul Ball, location: 2F
2-2: Foul Ball, location: 2F
2-2: Foul Ball, location: 2F
2-2: Foul Ball, location: 2F
2-2: Ball
3-2: Fly out, F9 (Flyball, 9, EV 96.9 MPH)
Batting: LHB Eddie Diaz 0-0: Ball
1-0: Ball
2-0: Foul Ball, location: 2F
2-1: Foul Ball, location: 3SF
2-2: Foul Ball, location: 3FF
2-2: Strikes out looking
Pitching: RHP Ben McFarland
Batting: LHB Hector Carranco 0-0: Called Strike
0-1: Ball
Wild Pitch!
Mike Rubio scores
Jon Orozco to third
Randy Dawe to second
1-1: Foul Ball, location: 2F
1-2: Foul Ball, location: 9LSFF
1-2: Ball
2-2: Fly out, F8 (Flyball, 8RD, EV 86.9 MPH)
Top of the 7th over - 1 run, 2 hits, 0 errors, 2 left on base; New York N (GCL) 5 - Washington (GCL) 2
BOTTOM OF THE 7TH
Washington (GCL) Nationals batting - Pitching for New York N (GCL) Mets : RHP Kyle Philbeck
Pinch Hitting: RHB Bill Hathaway 0-0: Called Strike
0-1: Ball
1-1: Foul Ball, location: 3DF
1-2: Fly out, F4 (Popup, 4M, EV 58.1 MPH)
Batting: LHB Jonathan Ramos 0-0: Ball
1-0: Ball
2-0: Foul Ball, location: 5F
2-1: Ball
3-1: Foul Ball, location: 2F
3-2: Ground out 4-3 (Groundball, 4, EV 85.0 MPH)
Pinch Hitting: LHB Bill Scotti 0-0: Called Strike
0-1: Ball
1-1: Fly out, F7 (Flyball, 7, EV 92.5 MPH)
Bottom of the 7th over - 0 runs, 0 hits, 0 errors, 0 left on base; New York N (GCL) 5 - Washington (GCL) 2
TOP OF THE 8TH
New York N (GCL) Mets batting - Pitching for Washington (GCL) Nationals : RHP Ben McFarland
Now at C: David Uitz
Now at SS: Ed Reyes
Pinch Hitting: RHB Felipe Becerra 0-0: Called Strike
0-1: Ball
1-1: Fly out, F8 (Flyball, 8RD, EV 111.3 MPH)
Batting: LHB Jared Coffin 0-0: Called Strike
0-1: Ball
1-1: Ball
2-1: Swinging Strike
2-2: Strikes out looking
Batting: RHB David Reyes 0-0: Ball
1-0: Ball
2-0: Ball
3-0: Called Strike
3-1: Ground out 6-3 (Groundball, 6, EV 87.5 MPH)
Top of the 8th over - 0 runs, 0 hits, 0 errors, 0 left on base; New York N (GCL) 5 - Washington (GCL) 2
BOTTOM OF THE 8TH
Washington (GCL) Nationals batting - Pitching for New York N (GCL) Mets : RHP Kyle Philbeck
Pitching: RHP Dylan Washburn
Now in RF: Shawn Fisher
Pinch Hitting: RHB Henele Akiliano 0-0: Ball
1-0: Ground out U3 (Groundball, 3, EV 86.3 MPH)
Batting: LHB Vinny Munoz 0-0: Foul Ball, location: 2F
0-1: Ball
1-1: Ball
2-1: Foul Ball, location: 2F
2-2: Foul Ball, location: 2F
2-2: Ball
3-2: Strikes out swinging
Pinch Hitting: RHB Marco Bueno 0-0: Ball
1-0: Called Strike
1-1: Called Strike
1-2: Foul Ball, location: 2F
1-2: Strikes out swinging
Bottom of the 8th over - 0 runs, 0 hits, 0 errors, 0 left on base; New York N (GCL) 5 - Washington (GCL) 2
TOP OF THE 9TH
New York N (GCL) Mets batting - Pitching for Washington (GCL) Nationals : RHP Ben McFarland
Pitching: LHP Jim Unknown
Now at 3B: Ed Reyes
Now at SS: Justin Covert
Now in CF: Pablo Campos
Pinch Hitting: RHB Eric Shoemaker 0-0: Swinging Strike
0-1: Ball
1-1: Foul Ball, location: 9LDF
1-2: Strikes out swinging
Batting: LHB Jon Orozco 0-0: Ground out 4-3 (Groundball, 4, EV 80.6 MPH)
Batting: RHB Randy Dawe 0-0: Foul Ball, location: 2F
0-1: Ground out 6-3 (Groundball, 6, EV 82.5 MPH)
Top of the 9th over - 0 runs, 0 hits, 0 errors, 0 left on base; New York N (GCL) 5 - Washington (GCL) 2
BOTTOM OF THE 9TH
Washington (GCL) Nationals batting - Pitching for New York N (GCL) Mets : RHP Dylan Washburn
Now at C: Omar Perez
Pinch Hitting: SHB Rick English 0-0: Ball
1-0: Ball
2-0: Foul Ball, location: 25F
2-1: Ball
3-1: Base on Balls
Batting: RHB Tony Torres 0-0: Ball
1-0: SINGLE (Line Drive, 7LS, EV 101.9 MPH)
Rick English to second
Batting: LHB Francisco Galdamez 0-0: Fly out, F5 (Line Drive, 56, EV 70.6 MPH)
Pinch Hitting: RHB Jonathan Mountford 0-0: Ball
1-0: Foul Ball, location: 23F
1-1: Foul Ball, location: 9LDF
1-2: Strikes out swinging
Batting: LHB Jonathan Ramos 0-0: Foul Ball, location: 5F
0-1: Ball
1-1: Ball
2-1: Foul Ball, location: 2F
2-2: Ground out 4-3 (Groundball, 4, EV 96.3 MPH)
Bottom of the 9th over - 0 runs, 1 hit, 0 errors, 2 left on base; New York N (GCL) 5 - Washington (GCL) 2
Wednesday, May 15th , 2024 - OOTP Baseball 24.11 Build 85